MLB
SAN FRANCISCO GIANTS @ ARIZONA DIAMONDBACKS
09/16/2044
 
TOP OF THE 1ST
San Francisco Giants batting - Pitching for Arizona Diamondbacks : RHP Miguel Martinez
Pitching: RHP Miguel Martinez
Batting: RHB Jason May 0-0: Foul Ball, location: 2F
0-1: Called Strike
0-2: Ball
1-2: Strikes out swinging
Batting: LHB Willis Robles 0-0: Called Strike
0-1: Ball
1-1: Ball
2-1: Swinging Strike
2-2: Ball
3-2: Strikes out swinging
Batting: LHB Jack Henningar 0-0: Ball
1-0: Called Strike
1-1: Ball
2-1: Ball
3-1: SOLO HOME RUN (Flyball, 8LXD, EV 115.6 MPH), Distance : 436 ft
Batting: LHB John Blair 0-0: Fly out, F6 (Line Drive, 6, EV 63.1 MPH)
Top of the 1st over - 1 run, 1 hit, 0 errors, 0 left on base; San Francisco 1 - Arizona 0
BOTTOM OF THE 1ST
Arizona Diamondbacks batting - Pitching for San Francisco Giants : RHP Ted Mosley
Pitching: RHP Ted Mosley
Batting: RHB David Price Jr. 0-0: Ball
1-0: Foul Ball, location: 2F
1-1: Foul Ball, location: 2F
1-2: Strikes out swinging
Batting: SHB Troy McClure 0-0: Ball
1-0: Ball
2-0: Ball
3-0: Ground out 6-3 (Groundball, 6, EV 106.2 MPH)
Batting: LHB Eric Klasek 0-0: Ball
1-0: Swinging Strike
1-1: Ball
2-1: Ground out 4-3 (Groundball, 4, EV 86.9 MPH)
Bottom of the 1st over - 0 runs, 0 hits, 0 errors, 0 left on base; San Francisco 1 - Arizona 0
TOP OF THE 2ND
San Francisco Giants batting - Pitching for Arizona Diamondbacks : RHP Miguel Martinez
Batting: RHB Kanehisa Kubo 0-0: Ball
1-0: Ball
2-0: Foul Ball, location: 2F
2-1: Ground out 5-3 (Groundball, 5, EV 86.9 MPH)
Batting: RHB Henri Cederberg 0-0: Ball
1-0: Swinging Strike
1-1: Ball
2-1: Fly out, F9 (Flyball, 9LS, EV 87.5 MPH)
Batting: RHB Tom Beckman 0-0: Ball
1-0: Ball
2-0: SINGLE (Flyball, 8RS, EV 85.6 MPH)
Batting: LHB Ryan Braden 0-0: Fly out, F7 (Flyball, 7S, EV 75.0 MPH)
Top of the 2nd over - 0 runs, 1 hit, 0 errors, 1 left on base; San Francisco 1 - Arizona 0
BOTTOM OF THE 2ND
Arizona Diamondbacks batting - Pitching for San Francisco Giants : RHP Ted Mosley
Batting: SHB Alec Thorpe 0-0: Ball
1-0: Foul Ball, location: 2F
1-1: Ball
2-1: Called Strike
2-2: Foul Ball, location: 2F
2-2: Ball
3-2: Base on Balls
Batting: LHB Danny Dunham 0-0: Called Strike
0-1: Ball
1-1: Foul Ball, location: 2F
1-2: Foul Ball, location: 2F
1-2: Foul Ball, location: 2F
1-2: Ball
2-2: Foul Ball, location: 2F
2-2: SINGLE (Groundball, 34D, EV 105.6 MPH)
Alec Thorpe to second
Runner from 2nd tries for 3rd, SAFE, throw by RF made to third
Batting: SHB Perry Tuckfard 0-0: SINGLE (Line Drive, 6D, EV 96.9 MPH)
Alec Thorpe scores
Danny Dunham to second
Batting: LHB Kyle Beaulieu 0-0: Called Strike
0-1: Ball
1-1: Ball
2-1: Reached on error, E6 (Groundball, 6M, EV 100.0 MPH)
Danny Dunham to third
Perry Tuckfard to second
Batting: RHB Blake Ballard 0-0: Called Strike
0-1: Ball
1-1: Foul Ball, location: 2F
1-2: Ball
2-2: Foul Ball, location: 2F
2-2: Fly out, F8 (Flyball, 8RD, EV 79.4 MPH)
Runner from 3rd tags up, SCORES, throw by CF
Batting: RHB Mario Soto 0-0: Foul Ball, location: 2F
0-1: Ball
Perry Tuckfard steals 3rd base (no throw)
Kyle Beaulieu to second
1-1: Called Strike
1-2: Ball
2-2: Ball
3-2: Ground out 6-3 (Groundball, 6, EV 103.8 MPH)
Perry Tuckfard scores
Batting: RHB David Price Jr. 0-0: Called Strike
0-1: Ball
1-1: Ground out U3 (Groundball, 3L, EV 92.5 MPH)
Bottom of the 2nd over - 3 runs, 2 hits, 1 error, 1 left on base; San Francisco 1 - Arizona 3
TOP OF THE 3RD
San Francisco Giants batting - Pitching for Arizona Diamondbacks : RHP Miguel Martinez
Batting: RHB Bobby Scholl 0-0: Called Strike
0-1: Ball
1-1: Fly out, F9 (Flyball, 9, EV 97.5 MPH)
Batting: RHB Jason May 0-0: Called Strike
0-1: Foul Ball, location: 2F
0-2: Ball
1-2: Ball
2-2: Ball
3-2: Ground out 3-1 (Groundball, 34S, EV 79.4 MPH)
Batting: LHB Willis Robles 0-0: Ball
1-0: Fly out, F6 (Flyball, 6MD, EV 84.4 MPH)
Top of the 3rd over - 0 runs, 0 hits, 0 errors, 0 left on base; San Francisco 1 - Arizona 3
BOTTOM OF THE 3RD
Arizona Diamondbacks batting - Pitching for San Francisco Giants : RHP Ted Mosley
Batting: SHB Troy McClure 0-0: Ball
1-0: Swinging Strike
1-1: Called Strike
1-2: Strikes out looking
Batting: LHB Eric Klasek 0-0: Fly out, F8 (Line Drive, 8RD, EV 92.5 MPH)
Batting: SHB Alec Thorpe 0-0: Called Strike
0-1: Ball
1-1: Foul Ball, location: 2F
1-2: Foul Ball, location: 2F
1-2: Ball
2-2: Foul Ball, location: 2F
2-2: Foul Ball, location: 2F
2-2: Ball
3-2: DOUBLE (Groundball, 5L, EV 105.0 MPH)
Batting: LHB Danny Dunham 0-0: 2-RUN HOME RUN (Flyball, 78XD, EV 111.2 MPH), Distance : 413 ft
Pitching: RHP Johnny Munoz
Batting: SHB Perry Tuckfard 0-0: Swinging Strike
0-1: Fly out, F8 (Flyball, 8LXD, EV 83.1 MPH)
Bottom of the 3rd over - 2 runs, 2 hits, 0 errors, 0 left on base; San Francisco 1 - Arizona 5
TOP OF THE 4TH
San Francisco Giants batting - Pitching for Arizona Diamondbacks : RHP Miguel Martinez
Batting: LHB Jack Henningar 0-0: Ball
1-0: Ball
2-0: Ground out 1-3 (Groundball, 34S, EV 68.8 MPH)
Batting: LHB John Blair 0-0: SINGLE (Groundball, 6, EV 95.6 MPH)
Batting: RHB Kanehisa Kubo 0-0: Called Strike
0-1: Ball
1-1: DOUBLE (Line Drive, 8RXD, EV 100.0 MPH)
John Blair to third
Runner from 3rd tries for Home, SAFE, throw by CF to trailing runner, SAFE at third!
Batting: RHB Henri Cederberg 0-0: Ball
1-0: Fly out, F7 (Flyball, 7, EV 87.5 MPH)
Batting: RHB Tom Beckman 0-0: Ball
1-0: Foul Ball, location: 2F
1-1: Called Strike
1-2: Foul Ball, location: 2F
1-2: DOUBLE (Flyball, 8RXD, EV 98.8 MPH)
Kanehisa Kubo scores
Batting: LHB Ryan Braden 0-0: Called Strike
0-1: SINGLE (Groundball, 34D, EV 102.5 MPH)
Tom Beckman to third
Runner from 3rd tries for Home, SAFE, throw by RF to home
Ryan Braden to second
Batting: RHB Bobby Scholl 0-0: Hit by Pitch
Batting: RHB Jason May 0-0: SINGLE (Groundball, 4MD, EV 91.9 MPH) (infield hit)
Ryan Braden to third
Bobby Scholl to second
Batting: LHB Willis Robles 0-0: Ball
1-0: TRIPLE (Line Drive, 9D, EV 106.2 MPH)
Ryan Braden scores
Bobby Scholl scores
Jason May scores
Pitching: LHP Mario Valdivia
Batting: LHB Jack Henningar 0-0: Called Strike
0-1: Swinging Strike
0-2: Foul Ball, location: 2F
0-2: Ball
1-2: Ball
2-2: Ball
3-2: Strikes out swinging
Top of the 4th over - 6 runs, 6 hits, 0 errors, 1 left on base; San Francisco 7 - Arizona 5
BOTTOM OF THE 4TH
Arizona Diamondbacks batting - Pitching for San Francisco Giants : RHP Johnny Munoz
Batting: LHB Kyle Beaulieu 0-0: Ball
1-0: Foul Ball, location: 2F
1-1: Ball
2-1: Swinging Strike
2-2: Ball
3-2: Base on Balls
Batting: RHB Blake Ballard Pickoff Throw to First - Error! E1
Kyle Beaulieu to second
0-0: Ball
1-0: Called Strike
1-1: Foul Ball, location: 2F
1-2: Strikes out swinging
Batting: RHB Mario Soto 0-0: Ball
1-0: Called Strike
1-1: Ball
2-1: Called Strike
2-2: Ground out 5-3 (Groundball, 56, EV 101.2 MPH)
Batting: RHB David Price Jr. 0-0: Called Strike
0-1: Ball
1-1: Swinging Strike
1-2: Ball
2-2: Foul Ball, location: 2F
2-2: Fly out, F9 (Flyball, 89S, EV 90.0 MPH)
Bottom of the 4th over - 0 runs, 0 hits, 1 error, 1 left on base; San Francisco 7 - Arizona 5
TOP OF THE 5TH
San Francisco Giants batting - Pitching for Arizona Diamondbacks : LHP Mario Valdivia
Batting: LHB John Blair 0-0: Ball
1-0: Ball
2-0: Ball
3-0: Foul Ball, location: 2F
3-1: Foul Ball, location: 2F
3-2: Base on Balls
Batting: RHB Kanehisa Kubo 0-0: Ball
1-0: Called Strike
1-1: Foul Ball, location: 2F
1-2: Foul Ball, location: 2F
1-2: Grounds into double play, 6-4-3 (Groundball, 56, EV 83.1 MPH)
Batting: RHB Henri Cederberg 0-0: Swinging Strike
0-1: Ball
1-1: Ball
2-1: Called Strike
2-2: Strikes out swinging
Top of the 5th over - 0 runs, 0 hits, 0 errors, 0 left on base; San Francisco 7 - Arizona 5
BOTTOM OF THE 5TH
Arizona Diamondbacks batting - Pitching for San Francisco Giants : RHP Johnny Munoz
Batting: SHB Troy McClure 0-0: Ball
1-0: Called Strike
1-1: Foul Ball, location: 2F
1-2: Ball
2-2: Foul Ball, location: 2F
2-2: Foul Ball, location: 2F
2-2: Strikes out swinging
Batting: LHB Eric Klasek 0-0: Fly out, F9 (Flyball, 89M, EV 88.1 MPH)
Batting: SHB Alec Thorpe 0-0: Ball
1-0: Called Strike
1-1: Foul Ball, location: 2F
1-2: Ball
2-2: Ball
3-2: Strikes out looking
Bottom of the 5th over - 0 runs, 0 hits, 0 errors, 0 left on base; San Francisco 7 - Arizona 5
TOP OF THE 6TH
San Francisco Giants batting - Pitching for Arizona Diamondbacks : LHP Mario Valdivia
Batting: RHB Tom Beckman 0-0: SINGLE (Line Drive, 9S, EV 95.0 MPH)
Batting: LHB Ryan Braden 0-0: Reached on error, E2 (Groundball, 2L, EV 43.8 MPH)
Tom Beckman to third
Batting: RHB Bobby Scholl 0-0: Called Strike
0-1: Foul Ball, location: 2F
0-2: Ball
1-2: Strikes out swinging
Batting: RHB Jason May 0-0: Ball
1-0: Called Strike
1-1: Ball
2-1: Ball
3-1: Called Strike
3-2: Base on Balls
Batting: LHB Willis Robles 0-0: Called Strike
0-1: Ball
1-1: GRAND SLAM HOME RUN (Flyball, 89XD, EV 101.9 MPH), Distance : 398 ft
Pitching: RHP Sean Hartgrove
Batting: LHB Jack Henningar 0-0: Swinging Strike
0-1: Ball
1-1: Ball
2-1: Foul Ball, location: 2F
2-2: Ball
3-2: Fly out, F9 (Flyball, 9LS, EV 85.0 MPH)
Batting: LHB John Blair 0-0: Swinging Strike
0-1: Swinging Strike
0-2: Ball
1-2: Foul Ball, location: 2F
1-2: SOLO HOME RUN (Flyball, 7D, EV 98.8 MPH), Distance : 374 ft
Batting: RHB Kanehisa Kubo 0-0: SOLO HOME RUN (Flyball, 78XD, EV 114.4 MPH), Distance : 430 ft
Batting: RHB Henri Cederberg 0-0: Called Strike
0-1: Called Strike
0-2: Foul Ball, location: 2F
0-2: Strikes out swinging
Top of the 6th over - 6 runs, 4 hits, 1 error, 0 left on base; San Francisco 13 - Arizona 5
BOTTOM OF THE 6TH
Arizona Diamondbacks batting - Pitching for San Francisco Giants : RHP Johnny Munoz
Batting: LHB Danny Dunham 0-0: Ball
1-0: Swinging Strike
1-1: Ball
2-1: Foul Ball, location: 2F
2-2: Ball
3-2: Base on Balls
Pitching: LHP Tyler Stancil
Batting: SHB Perry Tuckfard 0-0: Called Strike
0-1: SINGLE (Line Drive, 8RS, EV 110.0 MPH)
Danny Dunham to second
Pinch Hitting: RHB Fabrice Bertin 0-0: Fly out, F8 (Line Drive, 8RD, EV 90.6 MPH)
Batting: RHB Blake Ballard 0-0: Ball
1-0: Called Strike
1-1: Swinging Strike
1-2: Foul Ball, location: 2F
1-2: 3-RUN HOME RUN (Flyball, 78XD, EV 113.1 MPH), Distance : 431 ft
Batting: RHB Mario Soto 0-0: Ball
1-0: Fly out, F4 (Line Drive, 4, EV 66.9 MPH)
Batting: RHB David Price Jr. 0-0: Ball
1-0: Swinging Strike
1-1: Ball
2-1: Swinging Strike
2-2: Foul Ball, location: 2F
2-2: Fly out, F9 (Flyball, 9S, EV 88.1 MPH)
Bottom of the 6th over - 3 runs, 2 hits, 0 errors, 0 left on base; San Francisco 13 - Arizona 8
TOP OF THE 7TH
San Francisco Giants batting - Pitching for Arizona Diamondbacks : RHP Sean Hartgrove
Now at 2B: Jon Solano
Batting: RHB Tom Beckman 0-0: Called Strike
0-1: Ball
1-1: Ball
2-1: Foul Ball, location: 2F
2-2: Ball
3-2: Foul Ball, location: 2F
3-2: Fly out, F8 (Line Drive, 8RD, EV 104.4 MPH)
Batting: LHB Ryan Braden 0-0: Called Strike
0-1: Swinging Strike
0-2: Ball
1-2: Ball
2-2: Ball
3-2: Reached on error, E5 (Groundball, 5, EV 83.1 MPH)
Pitching: RHP André Gaillard
Batting: RHB Bobby Scholl 0-0: Ball
1-0: SINGLE (Groundball, 56S, EV 65.0 MPH) (infield hit)
Ryan Braden to second
Batting: RHB Jason May 0-0: Fielders Choice at 2nd, 5-4 (Groundball, 56S, EV 84.4 MPH)
Ryan Braden to third
Batting: LHB Willis Robles 0-0: Foul Ball, location: 2F
0-1: Ball
1-1: Ground out 5-3 (Groundball, 56S, EV 93.1 MPH)
Top of the 7th over - 0 runs, 1 hit, 1 error, 2 left on base; San Francisco 13 - Arizona 8
BOTTOM OF THE 7TH
Arizona Diamondbacks batting - Pitching for San Francisco Giants : LHP Tyler Stancil
Batting: SHB Troy McClure 0-0: Swinging Strike
0-1: SINGLE (Line Drive, 78S, EV 106.2 MPH)
Batting: LHB Eric Klasek 0-0: Ball
1-0: Called Strike
1-1: Ball
2-1: Swinging Strike
2-2: Foul Ball, location: 2F
2-2: Strikes out swinging
Batting: SHB Alec Thorpe 0-0: Called Strike
Troy McClure is caught stealing 2nd base 2-4
0-1: Fly out, F2 (Popup, 3SF, EV 85.6 MPH)
Bottom of the 7th over - 0 runs, 1 hit, 0 errors, 0 left on base; San Francisco 13 - Arizona 8
TOP OF THE 8TH
San Francisco Giants batting - Pitching for Arizona Diamondbacks : RHP André Gaillard
Batting: LHB Jack Henningar 0-0: Ball
1-0: Called Strike
1-1: Ground out U3 (Groundball, 34, EV 102.5 MPH)
Batting: LHB John Blair 0-0: Ball
1-0: Called Strike
1-1: Swinging Strike
1-2: Strikes out swinging
Batting: RHB Kanehisa Kubo 0-0: Called Strike
0-1: Ground out 6-3 (Groundball, 6, EV 96.2 MPH)
Top of the 8th over - 0 runs, 0 hits, 0 errors, 0 left on base; San Francisco 13 - Arizona 8
BOTTOM OF THE 8TH
Arizona Diamondbacks batting - Pitching for San Francisco Giants : LHP Tyler Stancil
Batting: LHB Danny Dunham 0-0: Ball
1-0: Swinging Strike
1-1: Ball
2-1: Swinging Strike
2-2: Ball
3-2: Foul Ball, location: 2F
3-2: Strikes out swinging
Batting: SHB Perry Tuckfard 0-0: Fly out, F7 (Flyball, 78D, EV 95.6 MPH)
Batting: RHB Jon Solano 0-0: Called Strike
0-1: Called Strike
0-2: Ball
1-2: Strikes out swinging
Bottom of the 8th over - 0 runs, 0 hits, 0 errors, 0 left on base; San Francisco 13 - Arizona 8
TOP OF THE 9TH
San Francisco Giants batting - Pitching for Arizona Diamondbacks : RHP André Gaillard
Batting: RHB Henri Cederberg 0-0: Called Strike
0-1: Ball
1-1: Ball
2-1: Ball
3-1: Fly out, F5 (Popup, 25F, EV 88.8 MPH)
Batting: RHB Tom Beckman 0-0: Ball
1-0: Ball
2-0: Ground out 6-3 (Groundball, 6, EV 109.4 MPH)
Batting: LHB Ryan Braden 0-0: Ball
1-0: Called Strike
1-1: Ball
2-1: Ground out 5-3 (Groundball, 6, EV 84.4 MPH)
Top of the 9th over - 0 runs, 0 hits, 0 errors, 0 left on base; San Francisco 13 - Arizona 8
BOTTOM OF THE 9TH
Arizona Diamondbacks batting - Pitching for San Francisco Giants : LHP Tyler Stancil
Batting: RHB Blake Ballard 0-0: Foul Ball, location: 2F
0-1: Ball
1-1: Ball
2-1: Swinging Strike
2-2: Strikes out swinging
Pitching: RHP Ben Sheets
Batting: LHB Roy Steigerwald 0-0: Foul Ball, location: 2F
0-1: Ball
1-1: Ball
2-1: Ground out 6-3 (Groundball, 6, EV 97.5 MPH)
Batting: RHB David Price Jr. 0-0: Ball
1-0: Foul Ball, location: 2F
1-1: Hit by Pitch
Batting: SHB Troy McClure 0-0: Ball
1-0: SINGLE (Flyball, 4D, EV 86.2 MPH)
David Price Jr. to second
Batting: LHB Eric Klasek 0-0: Ball
1-0: Foul Ball, location: 2F
1-1: Called Strike
1-2: Ball
Wild Pitch!
David Price Jr. to third
Troy McClure to second
2-2: Ground out 6-3 (Groundball, 6, EV 85.0 MPH)
Bottom of the 9th over - 0 runs, 1 hit, 0 errors, 2 left on base; San Francisco 13 - Arizona 8
Thursday, March 31st , 2022 - OOTP Baseball 22.12 Build 89